Map: King's Cove LE

Players

Mantric

  • Race: Zerg Zerg
  • League: Diamond
  • Spawn Location: 5:00

Unknown - Winner!

  • Race: Zerg Zerg
  • League: Diamond
  • Spawn Location: 11:00

VOD

Have the link to the VOD?

Description

Time

  • Played on: April 13, 2019, 2:24 p.m.
  • Length: 13:21
Show
View Real Time Build Order
Export as new Build Order

Mantric Zerg 

Build Orders: Hatch First 

Get SALT Encoding   

  12  0:01  Drone  
  13  0:13  Overlord  
  13  0:18  Drone  
  14  0:31  Drone x2  
  14  0:35  Drone  
  17  0:56  Hatchery  
  16  0:58  Drone  
  16  1:03  Drone  
  18  1:07  Extractor  
  17  1:17  Spawning Pool  
  16  1:20  Drone  
  16  1:24  Drone  
  18  1:30  Drone  
  19  1:40  Overlord  
  19  2:04  Queen  
  19  2:05  Zergling x4  
  23  2:09  Metabolic Boost  
  23  2:10  Queen  
  25  2:17  Drone  
  25  2:21  Zergling x2  
  27  2:23  Drone  
  27  2:25  Drone  
  29  2:35  Drone  
  29  2:36  Drone  
  31  2:44  Overlord  
  31  2:48  Drone  
  32  2:57  Drone x2  
  33  3:16  Drone x3  
  33  3:17  Drone  
  37  3:21  Zergling x2  
  37  3:26  Drone x3  
  40  3:36  Drone  
  40  3:37  Zergling x2  
  42  3:53  Drone x2  
  43  3:57  Extractor, Drone  
  43  4:09  Drone  
  43  4:11  Extractor  
  43  4:14  Roach Warren  
  43  4:16  Evolution Chamber, Drone x2  
  42  4:19  Drone  
  42  4:20  Overlord x3  
  43  4:32  Overlord x2  
  43  4:38  Hatchery  
  42  4:44  Zerg Missile Weapons Level 1  
  42  4:50  Evolution Chamber  
  41  4:57  Lair  
  41  4:59  Roach x9  
  58  5:16  Drone x4  
  58  5:18  Zerg Ground Armor Level 1  
  58  5:20  Overlord x4  
  62  5:30  Drone  
  62  5:46  Extractor, Drone  
  62  5:47  Drone x2  
  62  5:48  Roach x4  
  72  5:52  Ravager x2  
  74  6:00  Drone  
  75  6:07  Queen  
  75  6:08  Glial Reconstitution  
  75  6:10  Drone  
  78  6:13  Ravager  
  79  6:19  Spine Crawler  
  79  6:25  Ravager  
  79  6:31  Spine Crawler  
  78  6:42  Overseer  
  78  6:47  Zerg Missile Weapons Level 2  
  78  6:50  Drone  
  78  6:51  Drone x14  
  93  7:19  Extractor  
  93  7:20  Extractor, Drone x3  
  93  7:21  Overlord x3, Drone x3  
  93  7:22  Roach  
  105  7:23  Roach x3  
  105  7:27  Queen  
  105  7:29  Zerg Ground Armor Level 2  
  107  7:35  Overseer  
  107  7:37  Drone x2  
  107  7:38  Overlord  
  107  7:39  Roach x2  
  107  7:40  Overseer  
  107  7:43  Pneumatized Carapace  
  113  7:52  Roach x3  
  119  8:08  Roach x9  
  119  8:09  Roach  
  139  8:26  Roach x4, Hydralisk Den  
  146  8:41  Ravager x2  
  148  8:42  Roach  
  148  8:43  Roach x2, Overlord  
  148  8:44  Overlord x3  
  135  9:25  Roach  
  135  9:26  Roach x9  
  130  9:38  Hatchery  
  130  9:39  Roach  
  123  9:52  Roach  
  123  9:54  Roach x3  
  123  9:56  Drone x2  
  123  9:57  Drone  
  108  10:08  Hatchery  
  108  10:09  Roach  
  108  10:10  Roach x2  
  104  10:20  Drone  
  104  10:21  Drone  
  102  10:25  Roach x3  
  102  10:34  Ravager x4  
  102  10:35  Ravager  
  107  10:36  Roach x2  
  111  10:51  Roach  
  111  10:52  Roach x2  
  111  10:56  Queen  
  117  11:03  Roach  
  117  11:04  Roach x2  
  125  11:19  Roach  
  125  11:20  Roach x3  
  125  11:22  Ravager x2  
  125  11:23  Ravager x5  
  125  11:24  Roach x2  
  144  11:35  Drone x2  
  144  11:36  Drone  
  119  12:06  Roach  
  119  12:07  Roach x11  
  117  12:15  Roach x4  
  117  12:25  Roach x2  
  121  12:34  Roach x3  
  121  12:35  Roach x2  
  110  12:44  Ravager x2  
  110  12:45  Ravager  
  110  12:46  Roach x3  
  110  12:47  Roach  
  109  12:54  Hydralisk  
Show
View Real Time Build Order
Export as new Build Order

Unknown Zerg - Winner!

Build Orders: Hatch First 

Get SALT Encoding   

  12  0:00  Drone  
  13  0:13  Overlord  
  13  0:18  Drone  
  14  0:31  Drone x2  
  14  0:35  Drone  
  17  0:55  Hatchery  
  17  0:57  Drone  
  17  1:01  Extractor  
  17  1:03  Drone  
  17  1:12  Drone  
  18  1:20  Spawning Pool  
  18  1:24  Drone  
  18  1:28  Drone  
  19  1:39  Drone  
  20  1:52  Drone  
  21  2:07  Metabolic Boost  
  21  2:08  Queen x2  
  21  2:09  Zergling x2  
  21  2:10  Zergling x2  
  27  2:21  Drone  
  28  2:23  Overlord  
  28  2:42  Drone x4  
  32  2:45  Queen  
  32  2:48  Drone  
  35  2:52  Zergling x2  
  35  3:20  Roach Warren  
  34  3:29  Evolution Chamber  
  33  3:35  Drone  
  33  3:36  Evolution Chamber, Drone x2  
  33  3:37  Drone  
  33  3:39  Overlord  
  36  3:42  Overlord  
  35  3:56  Zerg Missile Weapons Level 1  
  35  4:01  Roach, Extractor  
  36  4:04  Drone x5  
  36  4:05  Drone x3  
  36  4:07  Spine Crawler  
  43  4:15  Drone x3  
  46  4:32  Drone  
  46  4:33  Drone x5  
  52  4:46  Lair  
  52  4:52  Extractor  
  51  4:53  Extractor  
  50  5:10  Zerg Ground Armor Level 1  
  50  5:11  Overlord  
  50  5:12  Overlord x3  
  52  5:14  Roach  
  52  5:16  Hatchery  
  51  5:31  Drone  
  51  5:32  Drone x3  
  51  5:34  Drone  
  56  5:37  Roach x3  
  56  5:38  Roach  
  64  5:44  Roach x3  
  64  5:45  Roach  
  64  5:46  Glial Reconstitution  
  64  5:49  Overlord x3  
  72  6:02  Zerg Missile Weapons Level 2  
  72  6:11  Roach x4  
  80  6:13  Overlord x2  
  80  6:18  Burrow  
  79  6:28  Drone x4  
  79  6:29  Drone x2  
  85  6:33  Roach x2  
  85  6:35  Ravager  
  85  6:39  Pneumatized Carapace  
  90  6:54  Roach x3  
  90  6:55  Roach x4  
  104  7:01  Extractor  
  104  7:05  Extractor  
  102  7:13  Overlord x4  
  102  7:17  Overseer  
  102  7:22  Ravager x3  
  105  7:33  Roach  
  105  7:34  Roach x5  
  117  7:38  Drone x4  
  117  7:39  Drone x4  
  125  7:52  Roach x5  
  125  7:53  Roach x2  
  139  8:01  Roach  
  139  8:02  Roach x3  
  147  8:17  Roach  
  147  8:18  Roach x2  
  153  8:20  Overlord x3  
  153  8:31  Overlord x2  
  151  8:42  Roach x3  
  151  8:43  Roach x6  
  169  9:03  Roach  
  169  9:04  Roach x8  
  182  9:20  Roach x4  
  182  9:21  Roach x3  
  180  9:37  Roach x5  
  180  9:38  Roach x2  
  173  9:44  Roach  
  149  9:59  Roach  
  151  10:00  Roach x4  
  143  10:10  Roach  
  143  10:11  Roach x2  
  143  10:27  Roach x35  
  139  10:30  Roach  
  139  10:31  Roach x8  
  139  10:32  Roach x3  
  163  10:47  Ravager x5  
  163  10:48  Ravager x5, Hatchery  
  172  10:54  Overlord  
  172  11:00  Roach x2  
  172  11:01  Hydralisk Den  
  172  11:02  Zerg Ground Armor Level 2  
  171  11:16  Roach  
  171  11:17  Roach x5  
  183  11:33  Roach  
  183  11:34  Roach x6  
  197  11:46  Roach x2  
  188  12:14  Roach x6  
  188  12:15  Roach  
  191  12:29  Roach x4  
  191  12:43  Roach x4  
  191  12:44  Roach x2  
Tags
 
Add a new tag
Caveats
  • Supply blocks, unpowered buildings, or Contaminate may cause inaccurate times.
  • Supply counts are checked every 10 seconds.